 Dungeon Crawl Stone Soup version 0.30-a0-897-ga2f19c967e (webtiles) character file.

Game seed: 10390728638274920549

163427 112233 the Sorcerer (level 17, -7/133 HPs)
             Began as a Deep Elf Conjurer on Mar 17, 2023.
             Was an Elder of Sif Muna.
             Mangled by a vampire knight
             ... wielding a +0 battleaxe
              (10 damage)
             ... on level 1 of the Depths on Mar 18, 2023.
             The game lasted 01:43:26 (54632 turns).

112233 the Sorcerer (Deep Elf Conjurer)            Turns: 54632, Time: 01:43:26

Health: -7/133     AC: 28    Str:  4    XL:     17   Next: 23%
Magic:  2/45       EV: 28    Int: 32    God:    Sif Muna [****..]
Gold:   1174       SH:  5    Dex: 13    Spells: 2/60 levels left

rFire   . . .      SeeInvis .    y - +7 Throatcutter {drain, coup de grace}
rCold   . . .      Faith    .    (no shield)
rNeg    + . .      Spirit   .    m - melded +1 robe {rC+}
rPois   ∞          Reflect  +    E - +0 helmet
rElec   +          Rampage  .    j - scarf {repulsion}
rCorr   .                        B - melded +0 pair of gloves {Str+3}
Will    +....                    (boots currently unavailable)
Stlth   ++                       s - amulet of reflection
HPRegen 0.42/turn                N - +5 ring of evasion
MPRegen 0.29/turn                u - +5 ring of evasion

@: statue-form, very slightly contaminated, repel missiles, very slow
A: slow and powerful, torment resistance 1, boosted hp
a: End Transformation, Renounce Religion, Channel Magic, Forget Spell, Divine
Exegesis


You were on level 1 of the Depths.
You worshipped Sif Muna.
Sif Muna was greatly pleased with you.
You were a living statue of rough stone.
You visited 7 branches of the dungeon, and saw 29 of its levels.

You collected 2752 gold pieces.
You spent 1578 gold pieces at shops.

Inventory:

Hand Weapons
 y - the +7 Throatcutter (weapon) {drain, coup de grace}
   (You found it on level 3 of the Dungeon)
 Z - the +4 flail of Xennod {spect, Will+}
   (You found it on level 1 of the Lair of Beasts)

   Will:      It increases your willpower.
Missiles
 X - 3 throwing nets
Armour
 j - a scarf of repulsion (worn)
 m - a +1 robe of cold resistance (melded)
 B - a +0 pair of gloves of strength (melded)
 E - a +0 helmet (worn)
Magical Staves
 k - a staff of cold
Jewellery
 s - an amulet of reflection (around neck)
 u - a +5 ring of evasion (right fist)
 L - a ring of wizardry
 N - a +5 ring of evasion (left fist)
Wands
 r - a wand of iceblast (30)
 w - a wand of charming (17)
 F - a wand of light (7)
 M - a wand of flame (70)
 R - a wand of mindburst (2) (quivered)
 S - a wand of polymorph (23)
Scrolls
 a - a scroll of acquirement
 d - 6 scrolls of immolation
 e - 3 scrolls of vulnerability
 f - a scroll of blinking
 g - 2 scrolls of torment
 h - a scroll of fear
 n - 6 scrolls of enchant weapon
 v - 2 scrolls of magic mapping
 z - 2 scrolls of silence
 A - 3 scrolls of poison
 D - 5 scrolls of amnesia
 G - 7 scrolls of identify
 O - 3 scrolls of enchant armour
 Q - 6 scrolls of fog
 V - 2 scrolls of brand weapon
 W - 2 scrolls of teleportation
Potions
 b - 2 potions of magic
 c - 13 potions of curing
 i - a potion of heal wounds
 l - 4 potions of flight
 o - 6 potions of haste
 q - 7 potions of attraction
 t - 7 potions of lignification
 C - 2 potions of berserk rage
 I - 3 potions of ambrosia
 J - 3 potions of brilliance
 K - 7 potions of might
 P - 2 potions of mutation
 T - 2 potions of invisibility
 U - 2 potions of cancellation
Miscellaneous
 H - a lightning rod (4/4)
 Y - a phantom mirror


   Skills:
 + Level 10.3 Fighting
 + Level 14.6 Dodging
 - Level 2.4 Stealth
 * Level 22.0 Spellcasting
 + Level 17.5 Conjurations
 + Level 2.2 Summonings
 - Level 6.4 Transmutations
 + Level 9.4 Fire Magic
 + Level 6.7 Earth Magic
 - Level 7.5 Invocations


You had 2 spell levels left.
You knew the following spells:

 Your Spells              Type           Power      Damage    Failure   Level
a - Spellforged Servitor  Conj/Summ      39%        N/A       13%         7
b - Starburst             Conj/Fire      44%        6d12      1%          6
c - Iskenderun's Mystic   Conj/Tloc      74%        2d15      1%          4
d - Orb of Destruction    Conj           49%        9d13      1%          7
e - Irradiate             Conj/Tmut      42%        3d25      1%          5
f - Fire Storm            Conj/Fire      44%        8d11      98%         9
g - Searing Ray           Conj           100%       2d8       0%          2
i - Blink                 Tloc           70%        N/A       1%          2
j - Passwall              Tmut/Erth      55%        N/A       1%          2
k - Statue Form           Tmut/Erth      44%        N/A       9%          6
l - Lehudib's Crystal Sp  Conj/Erth      42%        10d10     36%         8

Your spell library contained the following spells:

 Spells                   Type           Power      Damage    Failure   Level
 Magic Dart               Conj           100%       1d8       0%          1
 Necrotise                Necr           100%       1d9       1%          1
 Slow                     Hex            100%       N/A       1%          1
 Cigotuvi's Dreadful Rot  Necr/Pois/Air  70%        N/A       1%          2
 Lesser Beckoning         Tloc           70%        N/A       1%          2
 Momentum Strike          Conj/Tloc      100%       3d10      1%          2
 Static Discharge         Conj/Air       100%       2-7/arc   1%          2
 Dazzling Flash           Conj/Hex       100%       N/A       1%          3
 Mephitic Cloud           Conj/Pois/Air  64%        N/A       1%          3
 Stone Arrow              Conj/Erth      100%       3d13      1%          3
 Flame Wave               Conj/Fire      88%        2d19      1%          4
 Fulminant Prism          Conj/Hex       37%        3d17      1%          4
 Sticky Flame             Conj/Fire      88%        2d10      1%          4
 Arcjolt                  Conj/Air       37%        1d47      1%          5
 Fireball                 Conj/Fire      44%        3d18      1%          5
 Iskenderun's Battlesphe  Conj           99%        2d15      1%          5
 Lee's Rapid Deconstruct  Erth           34%        3d17*     1%          5
 Lightning Bolt           Conj/Air       37%        1d55      1%          5
 Confusing Touch          Hex            35%        N/A       2%          3
 Frozen Ramparts          Ice            70%        1d11      2%          3
 Ozocubu's Armour         Ice            35%        N/A       2%          3
 Vampiric Draining        Necr           35%        2d8       2%          3
 Vhi's Electric Charge    Tloc/Air       70%        N/A       2%          3
 Ice Form                 Ice/Tmut       54%        N/A       2%          4
 Leda's Liquefaction      Hex/Erth       27%        N/A       2%          4
 Freezing Cloud           Conj/Ice/Air   32%        6-21      2%          5
 Conjure Ball Lightning   Conj/Air       37%        3x3d12    3%          6
 Summon Ice Beast         Ice/Summ       42%        N/A       5%          4
 Yara's Violent Unravell  Hex/Tmut       27%        3d12      7%          5
 Dispel Undead            Necr           35%        3d15      9%          4
 Agony                    Necr           35%        N/A       24%         5
 Death Channel            Necr           17%        N/A       80%         6
 Ozocubu's Refrigeration  Ice            17%        4d11      100%        7
 Maxwell's Capacitive Co  Air            17%        ∞         100%        8
 Shatter                  Erth           34%        3d27*     100%        9


Dungeon Overview and Level Annotations

Branches:
Dungeon (15/15)            Temple (0/1) D:4            Lair (5/5) D:10
  Swamp (4/4) Lair:3        Snake (1/4) Lair:3        Slime (0/5) Lair:5
    Orc (2/2) D:11            Elf (1/3) Orc:2        Vaults (0/5) D:13
 Depths (1/4) D:15

Altars:
Ashenzari
Dithmenos
Fedhas
Hepliaklqana
Ru
Sif Muna
Uskayaw
Wu Jian
The Shining One
Jiyva

Shops:
D:6 ?   D:7 *   D:13 (   Orc:1 !   Orc:2 *:[(=   Snake:1 [

Portals:
Hell: Depths:1

Annotations:
D:4 exclusion: downstairs
D:9 3 runed translucent doors, CrazyBamboolord's ghost, journeyman TeHu
D:14 3 runed translucent doors
Elf:1 Zenata


Message History

* * * LOW HITPOINT WARNING * * *
The ettin completely misses you. The ettin closely misses you.
Unknown command.
Unknown command.
Casting: Starburst (mildly dangerous; 1% risk of failure)
Confirm with . or Enter, or press ? or * to list all spells.
Casting: Starburst (mildly dangerous; 1% risk of failure)
Press: ? - help, Dir - look around, f - activate The bolt of fire misses the ettin.
The bolt of fire hits the deep troll earth mage!!!
You kill the deep troll earth mage!
Sif Muna accepts your kill.
The bolt of fire hits the deep troll!!!
You kill the deep troll!
Sif Muna accepts your kill.
The bolt of fire hits the stone giant!!
You kill the stone giant!
Sif Muna accepts your kill.
The bolt of fire hits the deep troll earth mage!!!
You kill the deep troll earth mage!
Sif Muna accepts your kill. Something barely misses you.
Something completely misses you. Something barely misses you.
Something bites you but does no damage. The ettin closely misses you.
The ettin misses you.
Unknown command.
Unknown command.
Casting: Starburst (mildly dangerous; 1% risk of failure)
Confirm with . or Enter, or press ? or * to list all spells.
Casting: Starburst (mildly dangerous; 1% risk of failure)
Press: ? - help, Dir - look around, f - activate The bolt of fire hits the ettin!!
You kill the ettin!
Sif Muna accepts your kill.
The bolt of fire hits the deep troll!!!
You kill the deep troll!
Sif Muna accepts your kill. Something hits you!!
* * * LOW HITPOINT WARNING * * *
Something bites you but does no damage. Something hits you!
You die...

### ###.## ##....# #..
##.....# ....~~
##......## ....~~
#.....8..# .......
#..##.(.).##........
.##....†...........
.......[$..........
....≈≈§§§)....$.....
#..≈≈∩##≈≈............#
#..≈## ##≈.........~...
#..≈ #≈.........~~~. #
#≈.#.......≈≈~.#


There were no monsters in sight!

Vanquished Creatures
  Nikola (Snake:1)
  A thorn hunter (Swamp:4)
  2 ghouls (Swamp:4)
  Aizul (Swamp:1)
  A stone giant (Depths:1)
  4 very ugly things
  4 dire elephants (Lair:5)
  Nessos (Lair:4)
  Azrael (D:14)
  6 bunyips
  A deep elf demonologist (Elf:1)
  5 eleionomae
  A blizzard demon (Depths:1)
  A shambling mangrove (Swamp:3)
  A fire dragon (Depths:1)
  2 ettins (Depths:1)
  Fannar (D:11)
  Josephine (Swamp:1)
  An ogre mage (D:13)
  15 hydras
  A spriggan air mage (Swamp:4)
  3 ghost crabs
  3 two-headed ogres
  A catoblepas (Lair:5)
  2 anacondas (Snake:1)
  2 dancing weapons (Elf:1)
  A death knight (D:14)
  3 boulder beetles
  4 centaur warriors
  6 tengu warriors
  11 alligators
  13 death yaks
  A naga warrior (Snake:1)
  2 deep troll earth magi (Depths:1)
  2 shock serpents (Snake:1)
  5 spriggans
  A spriggan berserker (Swamp:4)
  3 naga sharpshooters (Snake:1)
  A deep elf knight (Elf:1)
  A skyshark (Lair:5)
  A spectral death yak (Lair:5)
  5 skeletal warriors
  2 goliath frogs (Swamp:3)
  A salamander mystic (Snake:1)
  A spriggan druid (Swamp:4)
  A spectral anaconda (Lair:5)
  A flayed ghost (D:15)
  4 bog bodies
  2 deep trolls (Depths:1)
  2 wizards
  An obsidian statue (Lair:5)
  7 swamp dragons
  3 deep elf zephyrmancers (Elf:1)
  8 orc knights (Orc:2)
  A harpy (shapeshifter) (D:15)
  Pikel (D:4)
  5 necromancers
  17 ugly things
  A shadow dragon skeleton (D:15)
  7 deep elf pyromancers
  3 manticores
  2 deep elf archers (Elf:1)
  A mana viper (Snake:1)
  A frost giant zombie (D:15)
  2 salamanders
  A salamander (shapeshifter) (D:13)
  15 elephants
  5 oklob plants (Lair:5)
  A will-o-the-wisp (Swamp:3)
  2 cyclopes
  A stone giant skeleton (D:15)
  9 slime creatures (D:13)
  9 black mambas
  Joseph (D:9)
  7 cane toads
  A cane toad (shapeshifter) (D:13)
  3 naga magi (Snake:1)
  6 komodo dragons
  2 unseen horrors
  A kobold demonologist (D:13)
  2 freezing wraiths
  A tengu conjurer (D:13)
  2 bloated husks
  3 meliai (D:13)
  A troll (D:12)
  12 tyrant leeches
  9 hornets
  A blink frog (Lair:1)
  A raiju (shapeshifter) (D:15)
  4 dream sheep (Lair:5)
  Sigmund (D:3)
  2 water elementals (Depths:1)
  A shadow (D:13)
  36 yaks
  A dire elephant simulacrum (Lair:5)
  5 fire elementals
  A vampire (D:10)
  5 wyverns
  Eustachio (D:4)
  A basilisk (Lair:1)
  Grum (D:10)
  A death yak simulacrum (Lair:5)
  A steam dragon (D:9)
  3 wraiths (Swamp:1)
  11 vampire mosquitoes
  7 wargs
  A spectral cane toad (Lair:5)
  Edmund (D:5)
  A glowing shapeshifter zombie (D:15)
  11 nagas (Snake:1)
  15 swamp worms
  2 hell hounds (D:14)
  2 acid dragons
  13 water moccasins
  38 orc warriors
  A black bear (D:7)
  2 elephant zombies (Lair:5)
  A sky beast (D:8)
  6 swamp drakes
  11 ogres
  4 wolves
  14 centaurs
  A tengu (shapeshifter) (D:13)
  An elephant skeleton (Lair:5)
  3 phantoms
  A lemure (D:4)
  6 kobold brigands
  12 bullfrogs
  2 necrophages (Swamp:4)
  A gnoll sergeant (D:8)
  5 scorpions
  6 wights
  16 killer bees
  8 howler monkeys
  4 electric eels
  3 lava snakes (Lair:3)
  A gnoll bouda (D:9)
  A hound (D:5)
  2 sleepcaps (D:7)
  2 jellies
  7 orc priests
  3 iguanas
  9 hell rats (Lair:1)
  15 orc wizards
  Robin (D:4)
  12 gnolls
  11 adders
  10 river rats (Lair:1)
  A shadow imp (D:7)
  3 worms
  4 dart slugs
  75 orcs
  4 ball pythons
  9 bats
  9 endoplasms
  15 goblins
  13 hobgoblins
  6 jackals
  22 kobolds
  8 quokkas
  4 frilled lizards
  15 rats
  A butterfly (Lair:1)
830 creatures vanquished.

Vanquished Creatures (collateral kills)
  An ettin (Depths:1)
  A deep troll earth mage (Depths:1)
  A tengu warrior (Depths:1)
  An ugly thing (Depths:1)
  A water elemental (Depths:1)
5 creatures vanquished.

Vanquished Creatures (others)
  A tengu conjurer (Depths:1)
  A bloated husk (Swamp:1)
  A naga (Snake:1)
  2 foxfires (Swamp:3)
  19 fulminant prisms
  21 fungi
  77 plants
  28 withered plants
150 creatures vanquished.

Grand Total: 985 creatures vanquished

Notes
Turn   | Place    | Note
-------+----------+-------------------------------------------
     0 | D:1      | 112233 the Deep Elf Conjurer began the quest for the Orb.
     0 | D:1      | Reached XP level 1. HP: 10/10 MP: 6/6
    64 | D:1      | Found a faded altar of an unknown god.
   253 | D:1      | Reached XP level 2. HP: 15/15 MP: 5/8
   510 | D:1      | Reached skill level 4 in Spellcasting
   936 | D:1      | Reached XP level 3. HP: 19/19 MP: 6/11
   939 | D:1      | Learned a level 2 spell: Searing Ray
  1146 | D:2      | Reached skill level 5 in Spellcasting
  1449 | D:2      | Reached XP level 4. HP: 24/24 MP: 9/13
  1573 | D:2      | Reached skill level 6 in Spellcasting
  2188 | D:3      | Noticed Sigmund
  2199 | D:3      | Killed Sigmund
  2200 | D:3      | Reached skill level 8 in Spellcasting
  2200 | D:3      | Reached XP level 5. HP: 15/28 MP: 4/17
  2410 | D:3      | Reached XP level 6. HP: 32/32 MP: 17/19
  2933 | D:3      | Learned a level 4 spell: Iskenderun's Mystic Blast
  2938 | D:3      | Learned a level 4 spell: Fulminant Prism
  3127 | D:3      | Identified the +4 short sword of Greed {spect, Int-5 Dex+4
                  | SInv Stlth+}
  3130 | D:3      | Found a sacrificial altar of Ru.
  3131 | D:3      | Found a glowing golden altar of the Shining One.
  3141 | D:3      | Found a shadowy altar of Dithmenos.
  3142 | D:3      | Found a hide-covered altar of Uskayaw.
  3164 | D:3      | Found the +7 Throatcutter {drain, coup de grace}
  3398 | D:4      | Noticed Eustachio
  3441 | D:4      | Found a shimmering blue altar of Sif Muna.
  3460 | D:4      | Became a worshipper of Sif Muna the Loreminder
  3575 | D:4      | Noticed Pikel
  3953 | D:4      | Reached skill level 9 in Spellcasting
  4027 | D:4      | Killed Eustachio
  4028 | D:4      | Reached skill level 5 in Conjurations
  4028 | D:4      | Reached XP level 7. HP: 36/36 MP: 11/22
  4242 | D:4      | Reached skill level 10 in Spellcasting
  4526 | D:4      | Noticed Robin
  4531 | D:4      | Killed Robin
  4682 | D:4      | Found a staircase to the Ecumenical Temple.
  4745 | D:4      | Killed Pikel
  4746 | D:4      | Reached skill level 11 in Spellcasting
  4746 | D:4      | Reached XP level 8. HP: 41/41 MP: 16/25
  4929 | D:5      | Entered Level 5 of the Dungeon
  5278 | D:5      | Reached * piety under Sif Muna
  5566 | D:5      | Noticed Edmund
  5749 | D:5      | Reached skill level 12 in Spellcasting
  5760 | D:5      | Killed Edmund
  6005 | D:5      | Found a broken altar of Ashenzari.
  6009 | D:5      | Saw a vision of the Swamp and the Snake Pit.
  6009 | D:5      | Noticed a bog body
  6009 | D:5      | Noticed an eight-headed hydra
  6009 | D:5      | Noticed a spriggan druid
  6009 | D:5      | Noticed a black mamba
  6009 | D:5      | Noticed a bloated husk
  6010 | D:5      | Noticed a black mamba
  6010 | D:5      | Noticed a black mamba
  6165 | D:6      | Identified the +1 halberd of Jioschif {flame, Will+ Str-3
                  | Dex+2}
  6219 | D:6      | Reached XP level 9. HP: 44/45 MP: 12/27
  6355 | D:6      | Found Ubiem's Magic Scroll Emporium.
  6366 | D:6      | Bought a scroll of identify for 22 gold pieces
  6366 | D:6      | Bought a scroll of noise for 11 gold pieces
  6801 | D:7      | Reached skill level 13 in Spellcasting
  6940 | D:7      | Reached skill level 10 in Conjurations
  7762 | D:7      | Found Kehif's General Store.
  7767 | D:7      | Bought a scroll of teleportation for 36 gold pieces
  7767 | D:7      | Bought a potion of degeneration for 12 gold pieces
  7767 | D:7      | Bought a scroll of fog for 48 gold pieces
  7767 | D:7      | Bought a scroll of identify for 24 gold pieces
  7992 | D:8      | Reached ** piety under Sif Muna
  8184 | D:8      | Reached skill level 14 in Spellcasting
  8354 | D:8      | Found an ornate altar of the Wu Jian Council.
  8621 | D:8      | Found a hazy altar of Hepliaklqana.
  9222 | D:9      | Found a runed translucent gate.
  9222 | D:9      | Found a runed translucent gate.
  9222 | D:9      | Found a runed translucent gate.
  9226 | D:9      | Noticed CrazyBamboolord's ghost (journeyman TeHu)
  9384 | D:9      | Reached XP level 10. HP: 44/50 MP: 19/30
  9583 | D:9      | Noticed Joseph
  9588 | D:9      | Reached skill level 15 in Spellcasting
  9597 | D:9      | Killed Joseph
 10326 | D:10     | Entered Level 10 of the Dungeon
 10332 | D:10     | Reached skill level 16 in Spellcasting
 10337 | D:10     | Reached skill level 1 in Fighting
 10337 | D:10     | Noticed Grum
 10338 | D:10     | Reached *** piety under Sif Muna
 10583 | D:10     | Noticed a two-headed ogre
 10591 | D:10     | Killed a two-headed ogre
 10592 | D:10     | Reached XP level 11. HP: 57/57 MP: 20/33
 10699 | D:10     | Noticed a two-headed ogre
 10706 | D:10     | Killed a two-headed ogre
 10782 | D:10     | Killed Grum
 11038 | D:10     | Found a staircase to the Lair.
 11573 | D:11     | Reached skill level 5 in Dodging
 11894 | D:11     | Noticed Fannar
 11905 | D:11     | Noticed a centaur warrior
 12100 | Lair:1   | Entered Level 1 of the Lair of Beasts
 12340 | Lair:1   | Identified the +4 flail of Xennod {spect, Will+}
 12452 | Lair:1   | Got the Quarto of Blasting
 12513 | Lair:1   | Learned a level 5 spell: Irradiate
 12607 | Lair:1   | Reached skill level 1 in Invocations
 13098 | Lair:1   | Reached **** piety under Sif Muna
 13996 | Lair:2   | Reached skill level 17 in Spellcasting
 14915 | Lair:3   | Noticed a five-headed hydra
 15016 | Lair:3   | Killed a five-headed hydra
 15017 | Lair:3   | Reached XP level 12. HP: 51/66 MP: 3/35
 15942 | Lair:3   | Noticed a death yak
 15949 | Lair:3   | Noticed a death yak
 15955 | Lair:3   | Noticed a death yak
 15956 | Lair:3   | Killed a death yak
 15956 | Lair:3   | Noticed a death yak
 15974 | Lair:3   | Killed a death yak
 15991 | Lair:3   | Killed a death yak
 15997 | Lair:3   | Killed a death yak
 15998 | Lair:3   | Reached skill level 5 in Fighting
 16216 | Lair:3   | Found a staircase to the Snake Pit.
 16573 | Lair:3   | Found a staircase to the Swamp.
 16597 | Lair:3   | Reached ***** piety under Sif Muna
 16598 | Lair:3   | Reached skill level 5 in Invocations
 17471 | Lair:4   | Noticed Nessos
 17635 | D:11     | Learned a level 5 spell: Iskenderun's Battlesphere
 17999 | D:11     | Killed a centaur warrior
 18372 | D:11     | Found a blossoming altar of Fedhas.
 18448 | D:11     | Found a staircase to the Orcish Mines.
 18488 | D:11     | Learned a level 6 spell: Starburst
 18776 | D:11     | Killed Fannar
 18900 | D:12     | Reached skill level 18 in Spellcasting
 19797 | D:13     | Noticed a tengu warrior
 19797 | D:13     | Found Lazocevo's Weapon Shop.
 19798 | D:13     | Noticed a tengu warrior
 19843 | Orc:1    | Entered Level 1 of the Orcish Mines
 19983 | Orc:1    | Reached XP level 13. HP: 52/74 MP: 2/37
 20253 | Orc:1    | Received a gift from Sif Muna
 20461 | Orc:1    | Got Orixu's Exposition on Airy Quicksand {god gift}
 20603 | Orc:1    | Found Padu's Distillery.
 20611 | Orc:1    | Bought a potion of heal wounds for 65 gold pieces
 20765 | Orc:2    | Entered Level 2 of the Orcish Mines
 21582 | Orc:2    | Found Nici Rue's Assorted Antiques.
 21593 | Orc:2    | Bought a scroll of identify for 60 gold pieces
 22584 | Orc:2    | Received a gift from Sif Muna
 22589 | Orc:2    | Got Sif Muna's Omnibus of Feathery Violence {god gift}
 22599 | Orc:2    | Learned a level 7 spell: Orb of Destruction
 22806 | Orc:2    | Found Evvualuoxia's Jewellery Boutique.
 22806 | Orc:2    | Found Vujopogg's Weapon Shoppe.
 23081 | Orc:2    | Found Libemaob's Antique Armour Boutique.
 23081 | Orc:2    | Found Tated's Book Shoppe.
 23177 | Orc:2    | Found a staircase to the Elven Halls.
 23203 | Orc:2    | Bought a book of Spatial Translocations for 324 gold pieces
 23378 | Orc:2    | Bought a pair of embroidered gloves for 285 gold pieces
 23378 | Orc:2    | Bought a glowing cloak for 285 gold pieces
 23393 | Orc:2    | Learned a level 2 spell: Blink
 23868 | D:13     | Reached skill level 10 in Dodging
 23952 | D:13     | Reached skill level 15 in Conjurations
 25094 | D:13     | Reached skill level 1 in Fire Magic
 25277 | D:13     | Reached skill level 19 in Spellcasting
 26001 | D:13     | Found a gate to the Vaults.
 26225 | D:14     | Reached XP level 14. HP: 73/82 MP: 19/39
 26505 | D:14     | Found a runed translucent door.
 26515 | D:14     | Found a runed translucent door.
 27537 | D:14     | Noticed Azrael
 28052 | D:14     | Killed Azrael
 28447 | D:14     | Found a runed translucent door.
 28488 | D:15     | Entered Level 15 of the Dungeon
 28499 | D:15     | Received a gift from Sif Muna
 29473 | D:15     | Got Sif Muna's Catalogue of the Shift and Blows {god gift}
 29772 | D:15     | Learned a level 2 spell: Passwall
 30681 | D:15     | Found a staircase to the Depths.
 32448 | Lair:4   | Killed Nessos
 32449 | Lair:4   | Reached skill level 20 in Spellcasting
 32650 | Lair:5   | Entered Level 5 of the Lair of Beasts
 32657 | Lair:5   | Reached skill level 5 in Fire Magic
 33205 | Lair:5   | Found a viscous altar of Jiyva.
 33547 | Lair:5   | Found a staircase to the Slime Pits.
 34461 | Lair:5   | Reached XP level 15. HP: 89/89 MP: 10/41
 37789 | D:6      | Bought a scroll of identify for 22 gold pieces
 37789 | D:6      | Bought 3 scrolls of amnesia for 132 gold pieces
 37789 | D:6      | Bought a scroll of amnesia for 44 gold pieces
 37963 | Orc:1    | Bought a potion of curing for 39 gold pieces
 37963 | Orc:1    | Bought a potion of curing for 39 gold pieces
 37963 | Orc:1    | Bought a potion of haste for 130 gold pieces
 37970 | Orc:1    | Learned a level 6 spell: Statue Form
 38020 | Elf:1    | Entered Level 1 of the Elven Halls
 38341 | Elf:1    | Reached skill level 1 in Transmutations
 38341 | Elf:1    | Reached skill level 1 in Earth Magic
 39036 | Elf:1    | Noticed Zenata
 39871 | Swamp:1  | Entered Level 1 of the Swamp
 41572 | Swamp:1  | Noticed Josephine
 41589 | Swamp:1  | Killed Josephine
 42667 | Swamp:1  | Noticed Aizul
 42671 | Swamp:1  | Killed Aizul
 42899 | Swamp:2  | Reached skill level 21 in Spellcasting
 43369 | Swamp:2  | Reached skill level 5 in Transmutations
 43425 | Swamp:2  | Reached skill level 5 in Earth Magic
 43862 | Swamp:2  | Reached XP level 16. HP: 96/96 MP: 22/43
 46118 | Swamp:3  | Received a gift from Sif Muna
 46121 | Swamp:3  | Got Sif Muna's Folio of Blasts and the Geologist {god gift}
 46297 | Swamp:3  | Identified the +3 ring mail of Card Tricks {-Tele Will+
                  | Dex+3 SInv}
 48207 | Swamp:4  | Entered Level 4 of the Swamp
 48435 | Swamp:4  | Noticed a thorn hunter
 48438 | Swamp:4  | Killed a thorn hunter
 50133 | Swamp:4  | Reached skill level 10 in Fighting
 51785 | Snake:1  | Entered Level 1 of the Snake Pit
 52591 | Snake:1  | Found Hissexi's Antique Armour Shop.
 52708 | Snake:1  | Noticed Nikola
 52723 | Snake:1  | Killed Nikola
 53658 | Lair:3   | Learned a level 8 spell: Lehudib's Crystal Spear
 53658 | Lair:3   | Identified a scroll of acquirement
 53670 | Lair:3   | Learned a level 7 spell: Spellforged Servitor
 53680 | Lair:3   | Learned a level 9 spell: Fire Storm
 53902 | Depths:1 | Entered Level 1 of the Depths
 54089 | D:15     | Reached XP level 17. HP: 39/102 MP: 21/44
 54091 | D:15     | Reached skill level 1 in Summonings
 54604 | Depths:1 | Found a gateway to Hell.
 54621 | Depths:1 | Reached skill level 22 in Spellcasting
 54623 | Depths:1 | Acquired the +2 hat of the Tarantula {Str+3 Int+4 Dex+3}
 54632 | Depths:1 | HP: 3/133 [something (22)]
 54632 | Depths:1 | Mangled by a vampire knight

Illustrated notes

Levels and vault maps discovered:
D:1:      ncdulo_smallfort, layout_basic, hellmonk_ecumenical_altar_blasted
D:2:      layout_basic, minmay_crystal_room
D:3:      layout_basic, mainiacjoe_overflow_alcove_3, minmay_misc_feat_enclosed,
          dilly_guarded_unrand_throatcut, uniq_sigmund
D:4:      layout_basic, amcnicky_altar_gilded, minmay_temple_entry_offerings,
          minmay_misc_feat_plants, uniq_eustachio, uniq_robin, uniq_pikel
D:5:      layout_cave_pools, grunt_ashenzari_visionary
          [grunt_ashenzari_visionary_swamp, grunt_ashenzari_visionary_snake],
          uniq_edmund
D:6:      layout_basic, serial_shops, nicolae_shop_statue_plus
D:7:      layout_basic, serial_shops, shop
D:8:      layout_basic, mainiacjoe_overflow_alcove_2,
          nzn_hepliaklqana_mist_gate, corexii_corridor_pit
D:9:      layout_loops_cross, gammafunk_ghost_spectres, minmay_quadrilaterals,
          uniq_joseph
D:10:     layout_cave_pools, david_lair_shrubbed, grunt_ogre_cave, uniq_grum
D:11:     layout_stronghold, orc_0_dummy, chequers_serial_rivers_micro_b,
          fedhas_bush_and_centaur_altar, uniq_fannar
D:12:     layout_loops_ring
D:13:     layout_roguey, david_vaults_5, serial_shops,
          nicolae_shop_hallway_plus, drop_trap
D:14:     layout_loops_ring, minmay_misc_feat_nine_boxes,
          gauntlet_entry_generic, mikee_hates_you, uniq_azrael
D:15:     gammafunk_depths_entry_grave, layout_cave_pods
Lair:1:   lemuel_ratsnest, layout_chaotic_city, lemuel_fruit_fields
Lair:2:   layout_regular_city, nicolae_quartered_pool_little,
          guppyfry_lair_drakes
Lair:3:   layout_small_grid, minmay_swamp_entry_worms,
          nicolae_snake_entry_warm_welcome
Lair:4:   layout_cave_pods, portal_ice_cave_entry_pillars_2,
          serial_bayou_lagoon_a, grunt_megastairs_1, uniq_nessos
Lair:5:   due_jungle_book, layout_small_grid, minmay_slime_entry_oklob_enclosed,
          lookout_lair_type, chequers_serial_rivers_marsh, lemuel_fruit_tree,
          grunt_megastairs_3, infiniplex_staircase_pool, serial_bayou_shore_a
Swamp:1:  layout_basic_swamp, hangedman_swamp_ruin_hall, swamp_pool4,
          infiniplex_staircase_pool_2, uniq_aizul, uniq_josephine
Swamp:2:  layout_falls_marsh, hangedman_swamp_diagram
Swamp:3:  layout_basic_swamp, evilmike_swamp_ruin_house_3, swamp_pool5
Swamp:4:  swamp_basic_johnstein, layout_basic_swamp
Snake:1:  layout_onion_interference, minmay_shoptagon, uniq_nikola
Orc:1:    layout_caves, serial_shops, shop, nooodl_orcs_dogs
Orc:2:    st_orc_town, layout_diamond_mine, serial_shops, nicolae_square_shop
Elf:1:    elf_arrival_002, layout_loops_ring, minmay_elf_annihilation,
          drop_trap, uniq_zenata
Depths:1: layout_cave_pools, hangedman_coc_ice_floe,
          minmay_misc_feat_four_crosses, minmay_starry_boxes,
          serial_bayou_shore_b

Skill      XL: |  1  2  3  4  5  6  7  8  9 10 11 12 13 14 15 16 17 |
---------------+----------------------------------------------------+-----
Spellcasting   | 4 5 8 9 11 12 14 16 17 18 19 20 21 22 | 22.0
Conjurations   | 5 7 8 11 12 13 14 15 16 17 | 17.5
Dodging        | 4 6 9 10 12 13 14 | 14.6
Fighting       | 2 4 5 7 8 9 10 | 10.3
Invocations    | 3 6 7 |  7.5
Fire Magic     | 2 5 6 9 |  9.4
Transmutations | 5 6 |  6.4
Earth Magic    | 5 6 |  6.7
Summonings     | 2 |  2.2
Stealth        | |  2.4

Action                     |  1- 3 |  4- 6 |  7- 9 | 10-12 | 13-15 | 16-18 || total
---------------------------+-------+-------+-------+-------+-------+-------++-------
  Melee: Long sword        |       |     3 |     5 |    47 |    76 |    65 ||   196
         Punch             |       |     1 |       |       |     2 |       ||     3
   Cast: Magic Dart        |    61 |    95 |   153 |   123 |       |       ||   432
         Searing Ray       |       |    15 |    53 |    82 |    44 |       ||   194
         Iskenderun's Myst |       |       |    18 |   141 |   109 |     3 ||   271
         Fulminant Prism   |       |       |       |    13 |     6 |       ||    19
         Iskenderun's Batt |       |       |       |    15 |    45 |       ||    60
         Starburst         |       |       |       |     2 |   190 |    65 ||   257
         Orb of Destructio |       |       |       |       |   173 |   167 ||   340
         Blink             |       |       |       |       |     1 |     2 ||     3
         Statue Form       |       |       |       |       |       |    13 ||    13
         Irradiate         |       |       |       |       |       |     4 ||     4
         Spellforged Servi |       |       |       |       |       |     1 ||     1
 Invoke: Channel Magic     |       |       |       |       |     1 |     2 ||     3
  Evoke: Wand              |       |     2 |     4 |     6 |    17 |    18 ||    47
         Phantom mirror    |       |       |       |       |       |     1 ||     1
    Use: Scroll            |       |       |     9 |    11 |    12 |    13 ||    45
         Potion            |       |       |       |     2 |     5 |     7 ||    14
   Stab: Invisible         |       |       |       |       |     3 |     1 ||     4
 Armour: Robe              |     2 |     3 |    10 |    28 |    15 |    12 ||    70
         Skin              |       |       |       |       |       |   112 ||   112
  Dodge: Dodged            |     3 |    22 |    61 |   221 |   311 |   490 ||  1108
         Repelled          |       |       |       |     5 |    19 |     9 ||    33
  Block: Other             |       |     4 |    22 |    51 |    72 |    94 ||   243
         Reflection        |       |       |     1 |     7 |    24 |     7 ||    39

Table legend: (Time is in decaauts)
 A = Elapsed time spent in this place.
 B = Non-inter-level travel time spent in this place.
 C = Inter-level travel time spent in this place.
 D = Time resting spent in this place.
 E = Time spent auto-exploring this place.
 F = Levels seen in this place.
 G = Mean time per level.
                   A        B        C        D        E       F      G
               +--------+--------+--------+--------+--------+-----+--------+
         Total |  55470 |  52337 |   3133 |  18498 |  28317 |  29 | 1912.8 |
       Dungeon |  23663 |  21726 |   1937 |   4526 |  14883 |  15 | 1577.5 |
          Lair |  13241 |  12647 |    594 |   4559 |   6938 |   5 | 2648.2 |
         Swamp |  11638 |  11388 |    250 |   7167 |   3322 |   4 | 2909.5 |
     Snake Pit |   1093 |   1073 |     20 |    435 |    334 |   1 | 1093.0 |
  Orcish Mines |   4947 |   4619 |    328 |   1643 |   2344 |   2 | 2473.5 |
   Elven Halls |    488 |    487 |      1 |    167 |    216 |   1 |  488.0 |
        Depths |    396 |    396 |      0 |      0 |    278 |   1 |  396.0 |
               +--------+--------+--------+--------+--------+-----+--------+

Top non-repeatable levels by time:
  Lair:5: 4443 daAuts
    D:14: 4158 daAuts
   Orc:2: 3899 daAuts
  Lair:3: 3580 daAuts
 Swamp:1: 3435 daAuts
 Swamp:2: 3269 daAuts
 Swamp:3: 3055 daAuts
    D:13: 2210 daAuts
    D:11: 2164 daAuts
 Swamp:4: 1877 daAuts
  Lair:1: 1854 daAuts
    D:15: 1851 daAuts
  Lair:4: 1782 daAuts
  Lair:2: 1580 daAuts
     D:4: 1484 daAuts
